 Dungeon Crawl Stone Soup version 0.32-a0-86-g8db1b9f803 (webtiles) character file.

Game seed: 1869232026799168829

65 Newt the Trooper (level 4, -1/29 HPs)
             Began as a Gargoyle Fighter on Feb 5, 2024.
             Slain by Sigmund
             ... wielding a +0 scythe
              (8 damage)
             ... on level 3 of the Dungeon.
             The game lasted 00:01:42 (1660 turns).

Newt the Trooper (Gargoyle Fighter)                 Turns: 1660, Time: 00:01:43

Health: -1/29      AC: 10    Str: 21    XL:     4   Next: 13%
Magic:  4/4        EV:  8    Int:  9    God:
Gold:   134        SH:  0    Dex:  9    Spells: 3/3 levels left

rFire   . . .        a - +1 flail
rCold   . . .        i - +0 kite shield
rNeg    + + .        b - +0 scale mail
rPois   ∞            (no helmet)
rElec   +            (no cloak)
rCorr   .            (no gloves)
SInv    .            (no boots)
Will    .....        (no amulet) Stlth
                     n - ring of positive energy
HPRegen 0.24/turn    (no ring)
MPRegen 0.09/turn

%: no passive effects
@: confused, mighty
A: sickness immunity, AC +3, negative energy resistance 1, electricity
resistance, torment resistance 1, petrification resistance
a: no special abilities


You were on level 3 of the Dungeon.
You visited 1 branch of the dungeon, and saw 3 of its levels.

You collected 134 gold pieces.

Inventory:

Hand Weapons
 a - a +1 flail (weapon)
Missiles
 f - 4 poisoned darts (quivered)
Armour
 b - a +0 scale mail (worn)
 c - a +0 buckler
 i - a +0 kite shield (worn)
Jewellery
 g - an amulet of magic regeneration
 n - a ring of positive energy (left hand)
Scrolls
 j - a scroll of vulnerability
 m - a scroll of identify
Potions
 d - 2 potions of might
 e - a potion of enlightenment
 h - 2 potions of haste
 k - a potion of heal wounds {unknown}
 l - a potion of resistance {unknown}


   Skills:
 + Level 4.1 Fighting
 * Level 3.6 Maces & Flails
 - Level 3.2 Armour
 - Level 3.2 Shields


You had 3 spell levels left.
You didn't know any spells.
Your spell library contained the following spells:

 Spells                   Type           Power      Damage    Failure   Level
 Kiss of Death            Conj/Necr      0%         2d5       95%         1
 Confusing Touch          Hex            0%         N/A       100%        3
 Dispel Undead            Necr           0%         3d6       100%        4
 Sculpt Simulacrum        Ice/Alch       0%         N/A       100%        6
 Ozocubu's Refrigeration  Ice            0%         4d7       100%        7
 Polar Vortex             Ice            0%         N/A       100%        9


Dungeon Overview and Level Annotations

Branches:
Dungeon (3/15)

Altars:

Shops:
D:2 *

Annotations:
D:3 Sigmund


Innate Abilities, Weirdness & Mutations

You are immune to sickness and miasma.
Your stone body is resilient. (AC +3)
You are immune to poison.
You resist negative energy. (rN+)
You are resistant to electric shocks. (rElec)
You are resistant to unholy torment.
You are immune to petrification.


Message History

You miss something. The adder bites you. Something hits you but does no damage.
The adder bites you but does no damage.
You barely miss something. The adder closely misses you.
You hear some strange, mumbled words.
Something tries to affect you, but you resist.
The adder bites you but does no damage.
You barely miss something. The adder bites you. You block something's attack.
The adder bites you but does no damage.
You miss something. The adder bites you but does no damage.
You hear some strange, mumbled words.
A magic dart appears from out of thin air!
The magic dart hits you but does no damage.
You block the adder's attack.
You miss something. Something hits you. The adder barely misses you.
You closely miss something. You block the adder's attack.
You hear some strange, mumbled words.
You are confused.
The adder bites you but does no damage. Something hits you.
You completely miss the adder. The adder closely misses you. x2
You completely miss something. Something hits you but does no damage.
The adder barely misses you.
You barely miss something. The adder bites you but does no damage.
You hear some strange, mumbled words.
You are more confused.
The adder bites you but does no damage. Something hits you but does no damage.
You bump into the rock wall.
The adder closely misses you.
You bump into the rock wall.
The adder bites you but does no damage. Something hits you but does no damage.
The adder bites you.
* * * LOW HITPOINT WARNING * * *
You bump into the rock wall.
The adder barely misses you.
You hear some strange, mumbled words.
A magic dart appears from out of thin air!
The magic dart hits you.
* * * LOW HITPOINT WARNING * * *
The adder attacks as it pursues you! The adder completely misses you.
Something hits you but does no damage.
You bump into the rock wall.
The adder closely misses you.
You bump into the rock wall.
The adder bites you but does no damage. Something hits you!
You die...

.. ♣♣. ♣P. ..##
# ♣..# .# ♣..#
#.#####
♣♣##..##......#
♣....<@S{.#
####..##.##
...... .#
...........
....##..#####
#.#. #..# # #
#..# #..#


You could see an adder.

Vanquished Creatures
  2 adders (D:2)
  3 dart slugs
  A ribbon worm (D:2)
  2 endoplasms (D:1)
  3 giant cockroaches
  4 goblins
  5 hobgoblins (D:1)
  2 jackals (D:1)
  3 ball pythons
  4 bats
  5 frilled lizards
  3 kobolds
  A rat (D:2)
38 creatures vanquished.

Notes
Turn   | Place    | Note
-------+----------+-------------------------------------------
     0 | D:1      | Newt the Gargoyle Fighter began the quest for the Orb.
     0 | D:1      | Reached XP level 1. HP: 14/14 MP: 1/1
   179 | D:1      | Reached XP level 2. HP: 14/19 MP: 2/2
   865 | D:2      | Reached XP level 3. HP: 24/24 MP: 3/3
  1163 | D:2      | Found Xyneim's General Store.
  1182 | D:2      | Reached skill level 4 in Fighting
  1566 | D:2      | Reached XP level 4. HP: 29/29 MP: 4/4
  1641 | D:3      | Noticed Sigmund
  1660 | D:3      | Slain by Sigmund

Illustrated notes

Levels and vault maps discovered:
D:1:      psy_arrival_spokes, layout_loops_ring, minmay_cupped
D:2:      kennysheep_big_flooded_room, layout_basic, serial_shops, shop,
          kennysheep_path_1
D:3:      layout_loops_ring, fedhas_ov_isle_minmay, serial_bayou_crossing,
          uniq_natasha, uniq_sigmund

Skill      XL: |  1  2  3 |
---------------+----------+-----
Maces & Flails | 3 |  3.6
Fighting       | 4 |  4.1
Armour         | |  3.2
Shields        | |  3.2

Action                     |  1- 3 |  4- 6 || total
---------------------------+-------+-------++-------
  Melee: Flail             |   120 |    10 ||   130
    Use: Scroll            |     6 |       ||     6
         Potion            |       |     1 ||     1
 Armour: Scale mail        |    89 |    26 ||   115
  Dodge: Dodged            |    41 |     9 ||    50
  Block: Buckler           |    14 |       ||    14
         Kite shield       |    43 |     3 ||    46

Table legend: (Time is in decaauts)
 A = Elapsed time spent in this place.
 B = Non-inter-level travel time spent in this place.
 C = Inter-level travel time spent in this place.
 D = Time resting spent in this place.
 E = Time spent auto-exploring this place.
 F = Levels seen in this place.
 G = Mean time per level.
                   A        B        C        D        E       F      G
               +--------+--------+--------+--------+--------+-----+--------+
         Total |   1705 |   1610 |     95 |      0 |   1274 |   3 |  568.3 |
       Dungeon |   1705 |   1610 |     95 |      0 |   1274 |   3 |  568.3 |
               +--------+--------+--------+--------+--------+-----+--------+

Top non-repeatable levels by time:
     D:1: 877 daAuts
     D:2: 805 daAuts
     D:3: 22 daAuts
